 Dungeon Crawl Stone Soup version 0.28-a0-500-g121bc3e445 (webtiles) character file.

Game seed: 5977779774722603985

130 Rohain the Magician (level 5, -1/35 HPs)
             Began as a Djinni Fire Elementalist on Sept 19, 2021.
             Slain by an orc priest (3 damage)
             ... on level 3 of the Dungeon.
             The game lasted 00:03:02 (3966 turns).

Rohain the Magician (Djinni Fire Elementalist)      Turns: 3966, Time: 00:03:04

Health: -1/35      AC:  5    Str:  7    XL:     5   Next: 36%
Gold:   97         EV: 12    Int: 18    God:
                   SH:  4    Dex: 13

rFire   + + .      SeeInvis .   (no weapon)
rCold   x . .      Faith    .   f - +0 buckler
rNeg    . . .      Spirit   .   a - +0 robe
rPois   ∞          Reflect  .   (no helmet)
rElec   .          Harm     .   d - +2 cloak
rCorr   .          Rampage  .   (no gloves)
Will    .....                   (boots unavailable)
Stlth   ++........              (no amulet)
HPRegen 0.11/turn               (no ring)
MPRegen 0.00/turn               (no ring)

@: mighty, attractive, flying
A: sickness immunity, fire resistance 2, cold vulnerability 1, float, innate
caster, hp casting, extra vitality 1
a: no special abilities


You were on level 3 of the Dungeon.
You visited 1 branch of the dungeon, and saw 3 of its levels.

You collected 97 gold pieces.

Inventory:

Armour
 a - a +0 robe (worn)
 d - a +2 cloak (worn)
 f - a +0 buckler (worn)
Jewellery
 i - a ring of protection from fire
Scrolls
 b - 2 scrolls of teleportation {unknown}
 c - 2 scrolls of identify {unknown}
 h - a scroll of brand weapon {unknown}
 j - 2 scrolls of acquirement {unknown}
 k - a scroll of summoning {unknown}
 l - a scroll of holy word {unknown}


   Skills:
 - Level 2.1 Dodging
 - Level 1.5 Stealth
 + Level 1.7 Shields
 * Level 4.1 Spellcasting


You couldn't memorise any spells.
You knew the following spells:

 Your Spells              Type           Power      Damage    Failure   Level
a - Foxfire               Conj/Fire      72%        2x1d7     3%          1
b - Scorch                Fire           36%        2d7       5%          2
c - Conjure Flame         Conj/Fire      18%        6-21      11%         3
d - Inner Flame           Hex/Fire       18%        N/A       11%         3
e - Flame Wave            Conj/Fire      18%        3d5       34%         4
f - Freeze                Ice            72%        1d9       3%          1
g - Ensorcelled Hibernat  Hex/Ice        36%        N/A       5%          2
Your spell library was empty.

Dungeon Overview and Level Annotations

Branches:
Dungeon (3/15)

Altars:
Dithmenos

Shops:
D:3 *


Innate Abilities, Weirdness & Mutations

You are immune to sickness and miasma.
You are immune to poison.
Your flesh is very heat resistant. (rF++)
You are vulnerable to cold. (rC-)
You float through the air rather than walking.
You learn spells naturally, not from books.
Your magical power is your life essence.
You have superior vitality. (+4 HP)


Message History

You are too injured to fight recklessly!
Casting: Foxfire (safe; 3% risk of failure)
Confirm with . or Enter, or press ? or * to list all spells.
Flames lash the orc priest.
The orc priest is lightly wounded.
The orc priest's fire resistance burns away.
Casting: Scorch (safe; 5% risk of failure)
Confirm with . or Enter, or press ? or * to list all spells.
Flames lash the orc priest but do no damage.
Unknown command.
Casting: Scorch (safe; 5% risk of failure)
Confirm with . or Enter, or press ? or * to list all spells.
Flames lash the orc priest but do no damage.
The orc priest is no longer more vulnerable to fire.
The orc priest hits you but does no damage.
Casting: Scorch (safe; 5% risk of failure)
Confirm with . or Enter, or press ? or * to list all spells.
Flames lash the orc priest.
The orc priest is severely wounded.
The orc priest's fire resistance burns away.
* * * LOW HITPOINT WARNING * * *
The orc priest invokes the aid of Beogh against you.
Beogh smites you!
* * * LOW HITPOINT WARNING * * *
It was a potion of might.
You feel very mighty all of a sudden. The orc priest misses you.
It was a potion of attraction.
You feel attractive to monsters.
The orc priest looks braver for a moment.
It was a potion of curing.
You feel better. The orc priest hits you with a +0 club.
* * * LOW HITPOINT WARNING * * *
Casting: Scorch (safe; 5% risk of failure)
Confirm with . or Enter, or press ? or * to list all spells.
Flames lash the orc priest.
The orc priest is almost dead.
* * * LOW HITPOINT WARNING * * *
The orc priest hits you with a +0 club.
You die...

##...#.#....................#.#
##.#.#.#.#########...#.###.##.#
##...#.#.#...........#...#.##.#
##.###.#...........>.#........#
##.#.......#########.########.#
#.#.#.##### #.....#........#
#.#.#.### #.#####.########
#....†..# #.# #.#
...#.#.).#######@# #.#####
.#...#.8....)).o.# #.....######
####.##....####### #####.......
#.8.∩.8.# ###########.......
####<#### #.................
#8# #......).......... ..#
#................. .##
#................. ..
#.................


You could see an orc priest (combustible).

Vanquished Creatures
  A water moccasin zombie (D:3)
  An adder (D:3)
  A worm (D:3)
  2 dart slugs
  2 orcs (D:3)
  7 endoplasms
  3 giant cockroaches
  5 goblins
  8 hobgoblins
  A jackal (D:2)
  A quokka (D:2)
  2 ball pythons (D:2)
  4 bats
  5 frilled lizards
  5 kobolds
  9 rats
57 creatures vanquished.

Vanquished Creatures (collateral kills)
  5 foxfires (D:1)
5 creatures vanquished.

Vanquished Creatures (others)
  317 foxfires
  45 plants (D:1)
362 creatures vanquished.

Grand Total: 424 creatures vanquished

Notes
Turn   | Place    | Note
-------+----------+-------------------------------------------
     0 | D:1      | Rohain the Djinni Fire Elementalist began the quest for the
                  | Orb.
     0 | D:1      | Reached XP level 1. HP: 15/15 MP: 0/0
   100 | D:1      | Reached XP level 2. HP: 7/21 MP: 0/0
   629 | D:1      | Reached skill level 3 in Spellcasting
   942 | D:1      | Reached XP level 3. HP: 16/25 MP: 0/0
   942 | D:1      | Learned a level 1 spell: Freeze
  2436 | D:2      | Found a shadowy altar of Dithmenos.
  2746 | D:2      | Found a faded altar of an unknown god.
  2993 | D:3      | Reached XP level 4. HP: 26/31 MP: 0/0
  3168 | D:3      | Found Wenos's Assorted Antiques.
  3213 | D:3      | Reached skill level 1 in Shields
  3213 | D:3      | Reached skill level 4 in Spellcasting
  3213 | D:3      | Reached XP level 5. HP: 14/35 MP: 0/0
  3213 | D:3      | Learned a level 2 spell: Ensorcelled Hibernation
  3962 | D:3      | HP: 1/35 [orc priest/divine providence (8)]
  3966 | D:3      | Slain by an orc priest

Illustrated notes

Levels and vault maps discovered:
D:1:      roderic_crop_circles_arrival_small, layout_rooms
D:2:      layout_basic, shapermc_ecumenical_altar_venn, basic_altar,
          minmay_tetromino_i4
D:3:      layout_basic, serial_shops, nicolae_shop_statue_plus

Skill      XL: |  1  2  3  4 |
---------------+-------------+-----
Spellcasting   | 3 4 |  4.1
Shields        | 1 |  1.7
Dodging        | |  2.1
Stealth        | |  1.5

Action                   |  1- 3 |  4- 6 || total
-------------------------+-------+-------++-------
Melee: Unarmed           |     5 |       ||     5
 Cast: Foxfire           |   149 |    45 ||   194
       Scorch            |       |    12 ||    12
  Use: Potion            |       |     3 ||     3
Armor: Robe              |     7 |     4 ||    11
Dodge: Dodged            |     7 |     2 ||     9
Block: Buckler           |       |     2 ||     2

Table legend: (Time is in decaauts)
 A = Elapsed time spent in this place.
 B = Non-inter-level travel time spent in this place.
 C = Inter-level travel time spent in this place.
 D = Time resting spent in this place.
 E = Time spent auto-exploring this place.
 F = Levels seen in this place.
 G = Mean time per level.
                   A        B        C        D        E       F      G
               +--------+--------+--------+--------+--------+-----+--------+
         Total |   3965 |   3902 |     63 |     90 |   3388 |   3 | 1321.7 |
       Dungeon |   3965 |   3902 |     63 |     90 |   3388 |   3 | 1321.7 |
               +--------+--------+--------+--------+--------+-----+--------+

Top non-repeatable levels by time:
     D:2: 1701 daAuts
     D:1: 1283 daAuts
     D:3: 980 daAuts
